 Dungeon Crawl Stone Soup version 0.30.1-4-g462c640d31 (webtiles) character file.

Game seed: 9813453877685005417

7739 Zeor the Tainter (level 11, -5/79 HPs)
             Began as a Demonspawn Venom Mage on Aug 15, 2023.
             Was a Believer of Vehumet.
             Slain by a vampire
             ... wielding a +0 vampiric war axe
              (10 damage)
             ... on level 9 of the Dungeon.
             The game lasted 00:54:01 (9419 turns).

Zeor the Tainter (Demonspawn Venom Mage)            Turns: 9419, Time: 00:54:02

Health: -5/79      AC:  7    Str:  8    XL:     11   Next: 0%
Magic:  0/22       EV: 15    Int: 26    God:    Vehumet [**....]
Gold:   1215       SH:  0    Dex: 19    Spells: 9/25 levels left

rFire   + . .        b - +3 lajatang (freeze)
rCold   + . .        (shield currently unavailable)
rNeg    . . .        u - +0 troll leather armour
rPois   .            (no helmet)
rElec   .            (no cloak)
rCorr   +            h - +0 pair of gloves
SInv    .            m - +1 pair of boots of Kegonn {Dex+6}
Will    .....        (no amulet)
Stlth   ++           t - ring of protection from cold
HPRegen 1.13/turn    z - ring of resist corrosion
MPRegen 0.36/turn

%: guardian spirit
@: studying Short Blades
A: demonic guardian 1, magic shield, magic regeneration, big brain 2, weakness
stinger 1, hooves 1, fire resistance 1, MP-powered wands
a: Renounce Religion


You were on level 9 of the Dungeon.
You worshipped Vehumet.
Vehumet was pleased with you.
You visited 2 branches of the dungeon, and saw 10 of its levels.

You collected 1281 gold pieces.
You spent 66 gold pieces at shops.

Inventory:

Hand Weapons
 b - a +3 lajatang of freezing (weapon)
Missiles
 g - 10 boomerangs
 r - a curare-tipped dart
Armour
 h - a +0 pair of gloves (worn)
 m - the +1 pair of boots of Kegonn (worn) {Dex+6}
   (You found it on level 2 of the Dungeon)

   Dex:       It affects your dexterity (+6).
 u - a +0 troll leather armour (worn)
Magical Staves
 a - the staff of poison "Taowkefa" {*Corrode rPois rF+++ rC+++ Dex-2}
   (You acquired it on level 1 of the Dungeon)

   [staff of poison]

   Base accuracy: +5 Base damage: 5 Base attack delay: 1.2 This weapon's minimum
   attack delay (0.6) is reached at skill level 12.
   Dex:       It affects your dexterity (-2).
   rF:        It renders you almost immune to fire.
   rC:        It renders you almost immune to cold.
   rPois:     It protects you from poison.
   *Corrode:  It may corrode you when you take damage.
   It falls into the 'Staves' category.
   It is a one-handed weapon.
 q - a staff of earth
Jewellery
 t - a ring of protection from cold (left hand)
 z - a ring of resist corrosion (right hand)
Wands
 j - a wand of iceblast (8)
 A - a wand of mindburst (16)
Scrolls
 o - 5 scrolls of teleportation
 x - a scroll of brand weapon
 y - a scroll of blinking
 B - a scroll of summoning
 C - a scroll of torment
Potions
 c - a potion of might
 d - 2 potions of lignification
 f - 3 potions of flight
 i - a potion of mutation
 k - a potion of brilliance
 l - 2 potions of haste
 n - 3 potions of curing
 p - a potion of ambrosia
 s - a potion of magic
 v - 2 potions of invisibility
 w - a potion of resistance


   Skills:
 + Level 5.1 Fighting
 + Level 5.8 Staves
 + Level 2.1 Armour
 + Level 6.2 Dodging
 + Level 3.5 Stealth
 * Level 7.7 Spellcasting
 + Level 0.5 Conjurations
 + Level 4.0 Transmutations
 * Level 3.8 Air Magic
 * Level 9.0 Poison Magic
 + Level 6.2 Evocations


You had 9 spell levels left.
You knew the following spells:

 Your Spells              Type           Power      Damage    Failure   Level
c - Vhi's Electric Charg  Tloc/Air       40%        N/A       11%         3
m - Mephitic Cloud        Conj/Pois/Air  33%        N/A       3%          3
o - Ozocubu's Armour      Ice            10%        N/A       24%         3
s - Sting                 Tmut/Pois      100%       1d8       1%          1
t - Olgreb's Toxic Radia  Pois           55%        N/A       1%          4
v - Poisonous Vapours     Pois/Air       86%        N/A       1%          2

Your spell library contained the following spells:

 Spells                   Type           Power      Damage    Failure   Level
 Momentum Strike          Conj/Tloc      22%        3d8       11%         2
 Kiss of Death            Conj/Necr      44%        2d8       8%          1
 Lesser Beckoning         Tloc           20%        N/A       12%         2
 Confusing Touch          Hex            10%        N/A       24%         3
 Gell's Gravitas          Tloc           10%        N/A       24%         3
 Portal Projectile        Hex/Tloc       20%        N/A       24%         3
 Teleport Other           Tloc           10%        N/A       24%         3
 Tukima's Dance           Hex            10%        N/A       24%         3
 Blade Hands              Tmut           15%        N/A       41%         5
 Dispel Undead            Necr           10%        3d9       63%         4
 Arcjolt                  Conj/Air       10%        1d20      67%         5
 Freezing Cloud           Conj/Ice/Air   8%         6-21      77%         5
 Metabolic Englaciation   Hex/Ice        5%         N/A       92%         5
 Simulacrum               Ice/Necr       5%         N/A       100%        6
 Maxwell's Capacitive Co  Air            15%        ∞         100%        8


Dungeon Overview and Level Annotations

Branches:
Dungeon (9/15)             Temple (1/1) D:5
   Lair: D:8-11         Orc: D:9-12

Altars:
Cheibriados
Dithmenos
Gozag
Hepliaklqana
Kikubaaqudgha
Nemelex Xobeh
Okawaru
Qazlal
Ru
Sif Muna
Trog
Uskayaw
Vehumet
Wu Jian
Xom
Yredelemnul

Shops:
D:2 *

Annotations:
D:7 2 transporters, spardeous's ghost, novice DgEE


Innate Abilities, Weirdness & Mutations

A weak demonic guardian rushes to your aid.
When hurt, damage is shared between your health and your magic reserves.
You regenerate magic rapidly.
You have an extremely huge brain. (Int +4)
You have a small tail.
You have large cloven feet.
Your flesh is heat resistant. (rF+)
You expend magic power (3 MP) to strengthen your wands.


Message History

You don't have enough magic to cast this spell.
Casting: Olgreb's Toxic Radiance (dangerous; 1% risk of failure)
Confirm with . or Enter, or press ? or * to list all spells.
Aiming: Mephitic Cloud (dangerous; 3% risk of failure)
Press: ? - help, Shift-Dir - straight line You feel a surge of power!
The ball explodes into a vile cloud!
The stinking cloud engulfs something but does no damage.
Your demonic guardian avoids your attack.
The stinking cloud engulfs you but does no damage.
Something hits you!
Something hits your ice devil but does no damage.
Something closely misses you.
You miss something.
Your ice devil disappears in a puff of smoke!
Something hits you!
* * * LOW HITPOINT WARNING * * *
Something bites you!
* * * LOW HITPOINT WARNING * * *
A demonic guardian appears!
Something draws strength from your injuries!
You feel much better. Something hits you. Something bites you.
* * * LOW HITPOINT WARNING * * *
Something draws strength from your injuries!
Things that are here:
a +0 shortbow; a centaur corpse You completely miss something.
Something barely misses you. Something barely misses your iron imp.
Something completely misses you.
You barely miss something.
Your iron imp hits something.
Something hits you!
* * * LOW HITPOINT WARNING * * *
A demonic guardian appears!
Something hits your iron imp. Something bites you.
* * * LOW HITPOINT WARNING * * *
Something draws strength from your injuries!
Your +3 lajatang of freezing glows with a cold blue light!
b - a +3 lajatang of freezing (weapon)
You miss something.
Your iron imp misses something.
Something hits you!
* * * LOW HITPOINT WARNING * * *
Something hits your iron imp. Something barely misses you.
Unknown command.
You barely miss something. You tail-slap something. Something hits you!
You die...

≈∙∙∩∙~~∙∙∙ ▒∙∙∙∙∙[∙∙∙▒
≈))∙∙~~∙▒∙▒▒∙∙∙∙<∙▒▒▒▒
∙~~∙∙∞~~∙∙∙∙∙∙∙∙∙∙∙▒
∙~)∙∩))≈∙▒▒▒∙∙∙∙∙††▒▒▒▒▒▒▒
∙~∙∙∙)∙~∙▒▒▒∙∙∙∙∙∙∙∙∙∙∙∙∙∙
∙≈~~∙∙~°∙▒∙∙∙∙∙∙▒▒▒∙∙∙∙∙∙∙
∙∙~∙∙∙)5)▒∙∙∙∙∙∙∙∙▒†∙∙∙∙∙∙
∙∙∙~∙∙≈≈{▒∙∙∙∙∙∙∙∙∙∙∙∙∙∙∙∙
∙∙∙≈≈~~≈∙6∙∙∙∙∙∙▒▒▒∙∙∙∙∙∙∙
∙∙∙~≈≈~)5∙▒▒▒▒▒∙▒ ▒∙∙∙∙∙∙∙
▒∙∙∙~≈~)▒▒▒ ▒∙▒ ▒▒▒▒▒▒▒▒
▒▒∙∙∙∙∙∙▒ ▒∙▒ ▒∙∙∙∙∙∙▒ ▒∙▒


∙∙∙∙∙∙∙∙∙ ▒∙▒ ∙∙∙∙∙▒▒▒▒ ▒∙▒ ▒∙∙▒▒ ▒∙▒ ∙∙∙ You could see a friendly iron imp
(summoned) and a friendly white imp (summoned).

Vanquished Creatures
  2 two-headed ogres
  Pikel (D:7)
  Joseph (D:7)
  A troll (D:5)
  A slime creature (D:6)
  2 wyverns
  A steam dragon (D:8)
  2 water moccasins (D:7)
  4 ice beasts
  A sky beast (D:8)
  An orc warrior (D:8)
  A black bear (D:8)
  An ogre (D:7)
  7 centaurs
  2 kobold brigands
  2 phantoms
  A gnoll sergeant (D:8)
  3 bullfrogs
  6 scorpions
  10 killer bees
  A howler monkey (D:4)
  2 electric eels (D:9)
  8 jellies
  6 orc priests
  7 hounds
  An iron imp (D:4)
  A sleepcap (D:5)
  Ijyb (D:3)
  7 iguanas
  7 orc wizards
  Robin (D:4)
  15 gnolls
  10 adders
  A shadow imp (D:5)
  A white imp (D:9)
  4 ufetubi
  2 worms (D:2)
  5 dart slugs
  33 orcs
  15 ball pythons
  24 endoplasms
  5 giant cockroaches
  15 goblins
  13 hobgoblins
  3 jackals (D:3)
  16 kobolds
  2 quokkas (D:2)
  4 bats
  4 frilled lizards
  3 rats
267 creatures vanquished.

Vanquished Creatures (collateral kills)
  A yak (D:9)
  A gnoll sergeant (D:9)
  A killer bee simulacrum (D:9)
  A white imp (D:9)
4 creatures vanquished.

Grand Total: 271 creatures vanquished

Notes
Turn   | Place    | Note
-------+----------+-------------------------------------------
     0 | D:1      | Zeor the Demonspawn Venom Mage began the quest for the Orb.
     0 | D:1      | Reached XP level 1. HP: 13/13 MP: 3/3
   326 | D:1      | Gained mutation: You have a small tail. [demonic ancestry]
   326 | D:1      | Reached XP level 2. HP: 19/19 MP: 0/5
   422 | D:1      | Learned a level 2 spell: Poisonous Vapours
   780 | D:1      | Reached skill level 1 in Transmutations
   865 | D:1      | Identified a scroll of acquirement
   865 | D:1      | Acquired the staff of poison "Taowkefa" {*Corrode rPois
                  | rF+++ rC+++ Dex-2}
  1116 | D:1      | Gained mutation: You have an unusually large brain. (Int
                  | +2) [demonic ancestry]
  1116 | D:1      | Reached XP level 3. HP: 24/24 MP: 3/6
  1120 | D:1      | Learned a level 3 spell: Mephitic Cloud
  1673 | D:2      | Found Picoisaf's Assorted Antiques.
  1682 | D:2      | Bought 2 scrolls labelled JYICLO VIMIOCW for 44 gold pieces
  1682 | D:2      | Bought a scroll labelled VERYAPH HEUSUA for 22 gold pieces
  1955 | D:2      | Acquired 906 gold pieces
  2202 | D:2      | Identified the +1 pair of boots of Kegonn {Dex+6}
  2574 | D:3      | Found a faded altar of an unknown god.
  2796 | D:3      | Reached XP level 4. HP: 15/30 MP: 2/8
  3868 | D:3      | Noticed Ijyb
  3889 | D:3      | Gained mutation: You expend magic power (3 MP) to
                  | strengthen your wands. [potion of mutation]
  3889 | D:3      | Gained mutation: Your flesh is heat resistant. (rF+)
                  | [potion of mutation]
  3889 | D:3      | Gained mutation: You have large cloven feet. [potion of
                  | mutation]
  3892 | D:3      | Reached skill level 5 in Spellcasting
  3892 | D:3      | Reached skill level 5 in Poison Magic
  3892 | D:3      | Reached XP level 5. HP: 21/42 MP: 1/12
  3893 | D:3      | Reached skill level 5 in Dodging
  3893 | D:3      | Reached skill level 6 in Poison Magic
  3893 | D:3      | Reached skill level 5 in Evocations
  3893 | D:3      | Gained mutation: You have an extremely huge brain. (Int +4)
                  | [demonic ancestry]
  3893 | D:3      | Reached XP level 6. HP: 26/50 MP: 1/15
  3899 | D:3      | Killed Ijyb
  4040 | D:3      | Learned a level 4 spell: Olgreb's Toxic Radiance
  4105 | D:3      | Reached XP level 7. HP: 55/55 MP: 13/16
  4515 | D:4      | Found a snail-covered altar of Cheibriados.
  4716 | D:4      | Found a shadowy altar of Dithmenos.
  4733 | D:4      | Noticed Robin
  4738 | D:4      | Killed Robin
  4836 | D:4      | Acquired a +2 vampiric lajatang
  5073 | D:4      | Reached skill level 7 in Poison Magic
  5427 | D:4      | Reached skill level 1 in Armour
  5608 | D:5      | Entered Level 5 of the Dungeon
  5711 | D:5      | Gained mutation: You regenerate magic rapidly. [demonic
                  | ancestry]
  5711 | D:5      | Reached XP level 8. HP: 59/61 MP: 17/17
  5752 | D:5      | Reached skill level 5 in Fighting
  5880 | D:5      | Noticed a troll
  5904 | D:5      | Killed a troll
  6027 | D:5      | Found a staircase to the Ecumenical Temple.
  6034 | Temple   | Entered the Ecumenical Temple
  6034 | Temple   | Found a transporter.
  6034 | Temple   | Found a transporter.
  6036 | Temple   | Found a transporter.
  6036 | Temple   | Found a transporter.
  6063 | Temple   | Became a worshipper of Vehumet
  6165 | D:5      | Noticed a two-headed ogre
  6183 | D:5      | Killed a two-headed ogre
  6184 | D:5      | Reached skill level 5 in Staves
  6184 | D:5      | Gained mutation: A weak demonic guardian rushes to your
                  | aid. [demonic ancestry]
  6184 | D:5      | Reached XP level 9. HP: 59/68 MP: 3/19
  7049 | D:6      | Reached * piety under Vehumet
  7049 | D:6      | Offered knowledge of Shock by Vehumet.
  7909 | D:7      | Found a transporter.
  7914 | D:7      | Found a transporter.
  7929 | D:7      | Reached XP level 10. HP: 74/74 MP: 16/20
  7953 | D:7      | Noticed spardeous's ghost (novice DgEE)
  8025 | D:7      | Noticed Pikel
  8041 | D:7      | Killed Pikel
  8094 | D:7      | Noticed Joseph
  8158 | D:7      | Killed Joseph
  8159 | D:7      | Reached skill level 8 in Poison Magic
  8168 | D:7      | Learned a level 3 spell: Vhi's Electric Charge
  8934 | D:8      | Offered knowledge of Magic Dart by Vehumet.
  8952 | D:8      | Reached ** piety under Vehumet
  9313 | D:9      | Learned a level 3 spell: Ozocubu's Armour
  9339 | D:9      | Noticed a two-headed ogre
  9357 | D:9      | Killed a two-headed ogre
  9402 | D:9      | Offered knowledge of Momentum Strike by Vehumet.
  9407 | D:9      | Reached skill level 9 in Poison Magic
  9407 | D:9      | Gained mutation: When hurt, damage is shared between your
                  | health and your magic reserves. [demonic ancestry]
  9407 | D:9      | Reached XP level 11. HP: 32/79 MP: 5/22
  9419 | D:9      | Slain by a vampire

Illustrated notes

Levels and vault maps discovered:
D:1:      dpeg_arrival_boxorama, layout_basic, hangedman_glass_teeth
D:2:      layout_rooms, serial_shops, nicolae_shop_trees,
          minmay_splitting_lines, dk_vineyard_1, kennysheep_generic_room_14
D:3:      layout_basic, ebering_ecumenical_altar_sacrificial, nrook_uturn,
          minmay_misc_feat_rows, kennysheep_generic_room_16, uniq_ijyb
D:4:      layout_cave_pods, kennysheep_mini, slow_altar_1,
          minmay_increasing_density, uniq_robin
D:5:      cheibrodos_fzero, layout_basic, minmay_temple_entry_gardened_gates,
          minmay_manual_mail
D:6:      lemuel_slime, layout_layer_cave
D:7:      layout_basic, gammafunk_ghost_hive, hex_medium,
          chequers_serial_rivers_room_a, uniq_pikel, uniq_joseph
D:8:      layout_loops_cross
D:9:      layout_rooms, gammafunk_temple_overflow_statue, fedhas_altar_3,
          serial_ice, serial_ice_i, serial_ice_n, serial_ice_b, serial_ice_c,
          uniq_maurice
Temple:   hellmonk_temple_divided_pantheon

Skill      XL: |  1  2  3  4  5  6  7  8  9 10 |
---------------+-------------------------------+-----
Dodging        | 2 4 5 6 |  6.2
Transmutations | 1 3 4 |  4.0
Spellcasting   | 5 6 7 |  7.7
Stealth        | 2 3 |  3.5
Fighting       | 4 5 |  5.1
Staves         | 3 4 5 |  5.8
Poison Magic   | 5 6 7 9 |  9.0
Evocations     | 4 5 6 |  6.2
Air Magic      | 2 3 |  3.8
Armour         | 1 2 |  2.1
Conjurations   | |  0.5

Action                     |  1- 3 |  4- 6 |  7- 9 | 10-12 || total
---------------------------+-------+-------+-------+-------++-------
  Melee: Unarmed           |    12 |       |       |       ||    12
         Staff             |    40 |    48 |    71 |    64 ||   223
         Tailslap          |     5 |     2 |    21 |    16 ||    44
         Hand axe          |     2 |       |       |       ||     2
         Lajatang          |       |       |   107 |     7 ||   114
         Punch             |       |       |     1 |     1 ||     2
   Cast: Sting             |    53 |    22 |    20 |    11 ||   106
         Poisonous Vapours |    34 |    15 |    32 |     7 ||    88
         Mephitic Cloud    |       |     4 |    12 |    13 ||    29
         Olgreb's Toxic Ra |       |       |    16 |    21 ||    37
         Ozocubu's Armour  |       |       |       |     1 ||     1
         Vhi's Electric Ch |       |       |       |     1 ||     1
    Use: Potion            |     1 |     4 |       |     4 ||     9
         Scroll            |    14 |     2 |    12 |     5 ||    33
   Stab: Sleeping          |     2 |     2 |       |       ||     4
         Confused          |       |     1 |     5 |     8 ||    14
         Distracted        |       |     1 |       |       ||     1
 Armour: Robe              |     8 |       |       |       ||     8
         Leather armour    |     6 |    15 |    20 |       ||    41
         Troll leather arm |       |       |    19 |    23 ||    42
  Dodge: Dodged            |    55 |    34 |   108 |    63 ||   260
